 Dungeon Crawl Stone Soup version 0.22-a0-284-g99d1f74 (webtiles) character file.

594 Azzok the Digger (level 7, 0/36 HPs)
             Began as a Gargoyle Earth Elementalist on Mar 20, 2018.
             Slain by Pikel
             ... wielding a +1 whip of freezing
              (2 damage)
             ... on level 4 of the Dungeon.
             The game lasted 00:07:09 (4676 turns).

Azzok the Digger (Gargoyle Earth Elementalist)      Turns: 4676, Time: 00:07:10

Health: 0/36       AC:  8    Str: 11    XL:     7   Next: 39%
Magic:  0/10       EV: 12    Int: 18    God:
Gold:   258        SH:  0    Dex: 10    Spells: 1/10 levels left

rFire    . . .     SeeInvis .   m - +0 short sword
rCold    . . .     Gourm    .   (no shield)
rNeg     + + +     Faith    .   y - +1 robe {rN+}
rPois    ∞         Spirit   .   (no helmet)
rElec    +         Reflect  .   (no cloak)
rCorr    .         Harm     .   n - +0 pair of gloves
MR       .....                  (no boots)
Stlth    ++........             (no amulet)
HPRegen  0.12/turn              u - ring of flight
MPRegen  0.12/turn              A - ring of positive energy

@: no status effects
A: negative energy resistance 1, electricity resistance, unbreathing,
petrification resistance, rot immunity, AC +4
a: Evoke Flight


You were on level 4 of the Dungeon.
You were not hungry.

You visited 1 branch of the dungeon, and saw 4 of its levels.

You collected 258 gold pieces.

Inventory:

Hand Weapons
 c - a +0 club
 m - a +0 short sword (weapon)
Missiles
 b - 82 stones (quivered)
Armour
 n - a +0 pair of gloves (worn)
 y - a +1 robe of positive energy (worn)
 C - a +0 buckler
Jewellery
 u - a ring of flight (left hand)
 A - a ring of positive energy (right hand)
Scrolls
 a - a scroll of enchant armour {unknown}
 e - 4 scrolls of teleportation {unknown}
 h - 6 scrolls of identify {unknown}
 i - a scroll of enchant weapon {unknown}
 j - 4 scrolls of fear {unknown}
 l - 4 scrolls of remove curse {unknown}
 t - 2 scrolls of amnesia {unknown}
 x - 2 scrolls of blinking {unknown}
 E - a scroll of noise {unknown}
Potions
 f - 5 potions of flight {unknown}
 g - 2 potions of heal wounds {unknown}
 k - a potion of agility {unknown}
 o - 5 potions of lignification {unknown}
 p - 2 potions of curing {unknown}
 q - a potion of brilliance {unknown}
 r - 2 potions of berserk rage {unknown}
 s - a potion of ambrosia {unknown}
 v - a potion of invisibility {unknown}
 w - a potion of haste {unknown}
 z - a potion of resistance {unknown}
 B - a potion of magic {unknown}
Comestibles
 d - 3 rations
 D - a chunk of flesh


   Skills:
 - Level 1.5 Dodging
 - Level 2.1 Stealth
 - Level 2.0 Spellcasting
 + Level 5.2 Conjurations
   Level 0.7 Transmutations
 + Level 7.9 Earth Magic


You had one spell level left.
You knew the following spells:

 Your Spells              Type           Power        Failure   Level  Hunger
a - Sandblast             Erth           ####..       1%          1    #......
b - Stone Arrow           Conj/Erth      ####..       3%          3    ###....
c - Lee's Rapid Deconstr  Erth           ####......   19%         5    ######.


Dungeon Overview and Level Annotations

Branches:
Dungeon (4/15)
 Temple: D:4-7

Altars:

Annotations:
D:4 Pikel


Innate Abilities, Weirdness & Mutations

You are resistant to torment.
Your stone body is resilient. (AC +4)
You are immune to poison.
You resist negative energy. (rN+)
You are resistant to electric shocks. (rElec)
You can survive without breathing.
You are immune to petrification.
You are immune to rotting.


Message History

* * * LOW HITPOINT WARNING * * *
An orc comes into view. It is wielding a club.
You hit Pikel but do no damage.
Pikel is severely wounded.
Pikel completely misses you. The sky beast closely misses you.
You barely miss Pikel.
Pikel is severely wounded.
Pikel hits you with a whip of freezing.
* * * LOW HITPOINT WARNING * * *
Pikel freezes you.
* * * LOW HITPOINT WARNING * * *
The sky beast hits you.
* * * LOW HITPOINT WARNING * * *
The sky beast shocks you. You resist.
* * * LOW HITPOINT WARNING * * *
The sky beast hits you but does no damage.
Pikel hits you with a whip of freezing.
* * * LOW HITPOINT WARNING * * *
Pikel freezes you.
You die...

▒·▒ ▒·▒
▒▒▒▒▒▒▒·▒ ▒·▒
▒····p··▒ ▒·▒
▒▒▒▒▒·▒▒▒▒▒·▒
▒·▒ ▒···p·▒
▒··· ··▒
▒·▒▒▒▒▒▒ ▒··▒▒
▒▒▒ ▒p▒ ·· ····
▒K▒▒p▒▒▒▒▒▒··▒▒
▒·@Yp··o······
▒▒▒▒·▒···▒ ···
▒ ▒


You could see Pikel, a sky beast, 3 slaves and an orc.

Vanquished Creatures
  Grinder (D:3)
  Sigmund (D:3)
  A slave (D:4)
  An ogre (D:4)
  An orc wizard (D:4)
  An iguana (D:2)
  4 adders
  An ooze (D:2)
  3 worms (D:2)
  A dart slug (D:3)
  3 leopard geckos
  3 orcs (D:4)
  8 goblins
  12 hobgoblins
  7 bats
  6 frilled lizards
  5 kobolds
  6 rats
65 creatures vanquished.

Notes
Turn   | Place    | Note
-------+----------+-------------------------------------------
     0 | D:1      | Azzok the Gargoyle Earth Elementalist began the quest for the Orb.
     0 | D:1      | Reached XP level 1. HP: 10/10 MP: 3/3
   412 | D:1      | Reached skill level 4 in Earth Magic
   915 | D:1      | Reached XP level 2. HP: 8/15 MP: 3/5
  1568 | D:2      | Reached skill level 5 in Earth Magic
  1568 | D:2      | Reached XP level 3. HP: 11/19 MP: 6/6
  1619 | D:2      | Learned a level 3 spell: Stone Arrow
  1844 | D:2      | Reached skill level 1 in Conjurations
  2220 | D:2      | Reached XP level 4. HP: 24/24 MP: 1/7
  3112 | D:3      | Noticed Sigmund
  3118 | D:3      | Killed Sigmund
  3118 | D:3      | Reached skill level 6 in Earth Magic
  3118 | D:3      | Reached XP level 5. HP: 16/28 MP: 4/8
  3118 | D:3      | Reached XP level 6. HP: 19/32 MP: 4/9
  3279 | D:3      | Noticed Grinder
  3282 | D:3      | Paralysed by Grinder for 4 turns
  3287 | D:3      | Paralysed by Grinder for 7 turns
  3301 | D:3      | Killed Grinder
  3301 | D:3      | Reached skill level 7 in Earth Magic
  3301 | D:3      | Reached XP level 7. HP: 26/36 MP: 2/10
  3388 | D:3      | Learned a level 5 spell: Lee's Rapid Deconstruction
  4125 | D:4      | Reached skill level 5 in Conjurations
  4653 | D:4      | Noticed Pikel
  4676 | D:4      | Slain by Pikel

Vault maps used:
D:1:      dpeg_arrival_castle
D:2:      first_ration, st_stairs_12
D:3:      uniq_sigmund, uniq_grinder
D:4:      chequers_big_river, uniq_pikel

Skill      XL: |  1  2  3  4  5  6  7 |
---------------+----------------------+-----
Earth Magic    | 4 5 6 7 |  7.9
Conjurations   | 1 3 4 5 |  5.2
Dodging        | |  1.5
Stealth        | |  2.1
Spellcasting   | |  2.0
Transmutations | |  0.7

Action                   |  1- 3 |  4- 6 |  7- 9 || total
-------------------------+-------+-------+-------++-------
Melee: Club              |    18 |       |       ||    18
       Short sword       |    70 |    34 |    39 ||   143
 Cast: Sandblast         |    21 |    13 |    15 ||    49
       Stone Arrow       |     6 |     7 |     8 ||    21
 Stab: Distracted        |       |     1 |       ||     1
       Sleeping          |       |       |     2 ||     2
  Eat: Chunk             |     5 |     4 |     6 ||    15
Armor: Robe              |    44 |     8 |    15 ||    67
Dodge: Dodged            |    90 |    25 |    22 ||   137

Table legend:
 A = Spawn XP
 B = Non-spawn XP
 C = Spawn XP percentage of total XP
 D = Spawn monster count
 E = Non-spawn monster count
 F = Spawn count percentage of total count
 G = Total turns spent on level
                    A         B        C        D         E        F      G
               +---------+---------+-------+---------+---------+-------+---------
         Total |       0 |     849 |   0.0 |       0 |      64 |   0.0 |  4676
               +---------+---------+-------+---------+---------+-------+---------
           D:1 |       0 |      27 |   0.0 |       0 |      16 |   0.0 |  1735
           D:2 |       0 |     120 |   0.0 |       0 |      24 |   0.0 |  1150
           D:3 |       0 |     530 |   0.0 |       0 |      16 |   0.0 |  1230
           D:4 |       0 |     172 |   0.0 |       0 |       8 |   0.0 |   561
               +---------+---------+-------+---------+---------+-------+---------
